 Dungeon Crawl Stone Soup version 0.32-a0-859-gb0a091d592 (console) character file.

Game seed: 9244534038188774291

555 jejorda2 the Poker (level 7, 0/73 (90) HPs)
             Began as a Gnoll Berserker on Mar 27, 2024.
             Was a Believer of Trog.
             Slain by a wight
             ... wielding a +2 great sword of freezing
              (1 damage)
             ... on level 5 of the Dungeon.
             The game lasted 00:04:48 (3715 turns).

jejorda2 the Poker (Gnoll Berserker)                Turns: 3715, Time: 00:04:50

HP:   0/73 (90)     AC: 12    Str: 19    XL:     7   Next: 30%
MP:   10/10         EV:  8    Int:  6    God:    Trog [**....]
Gold: 299           SH:  0    Dex: 11    Spells: 11/11 levels left

rFire   . . .        b - +0 battleaxe
rCold   . . .        (shield currently unavailable)
rNeg    . . .        o - +0 chain mail
rPois   .            h - +0 helmet
rElec   .            (no cloak)
rCorr   .            s - +0 pair of gloves
SInv    .            (no boots)
Will    .....        w - amulet of the acrobat Stlth
                     (no ring)
HPRegen 0.32/turn    (no ring)
MPRegen 0.12/turn

%: acrobat
@: berserking (expiring), heavily drained, very quick
A: fangs 1, strong nose, distributed training
a: Renounce Religion, Berserk, Trog's Hand


You were on level 5 of the Dungeon.
You worshipped Trog.
Trog was pleased with you.
You visited 1 branch of the dungeon, and saw 5 of its levels.

You collected 299 gold pieces.

Inventory:

Hand Weapons
 a - a +0 spear
 b - a +0 battleaxe (weapon)
Missiles
 f - 2 javelins (quivered)
Armour
 h - a +0 helmet (worn)
 o - a +0 chain mail (worn)
 s - a +0 pair of gloves (worn)
Jewellery
 w - an amulet of the acrobat (around neck)
Scrolls
 c - 4 scrolls of blinking {unknown}
 d - a scroll of brand weapon {unknown}
 e - 2 scrolls of poison {unknown}
 g - 5 scrolls of identify {unknown}
 j - a scroll of fog {unknown}
 l - a scroll of amnesia {unknown}
 q - a scroll of revelation {unknown}
 t - a scroll of immolation {unknown}
 x - 2 scrolls of noise {unknown}
Potions
 i - a potion of haste {unknown}
 k - a potion of berserk rage {unknown}
 m - 2 potions of curing {unknown}
 n - 2 potions of brilliance {unknown}
 p - a potion of attraction {unknown}
 r - a potion of might {unknown}
 u - a potion of mutation {unknown}
 v - a potion of enlightenment {unknown}


   Skills:
 + Level 7.0 Fighting
 + Level 2.5 Short Blades
 + Level 2.5 Long Blades
 + Level 2.5 Axes
 + Level 2.5 Maces & Flails
 + Level 7.0 Polearms
 + Level 2.5 Staves
 + Level 2.5 Ranged Weapons
 + Level 2.5 Throwing
 + Level 5.2 Armour
 + Level 5.2 Dodging
 + Level 2.5 Stealth
 + Level 2.5 Shields
 + Level 2.5 Unarmed Combat
 + Level 2.5 Spellcasting
 + Level 2.0 Conjurations
 + Level 2.0 Hexes
 + Level 2.0 Summonings
 + Level 2.0 Necromancy
 + Level 2.0 Translocations
 + Level 2.0 Fire Magic
 + Level 2.0 Ice Magic
 + Level 2.0 Air Magic
 + Level 2.0 Earth Magic
 + Level 2.0 Alchemy
 + Level 2.8 Invocations
 + Level 2.5 Evocations
 + Level 2.2 Shapeshifting


You had 11 spell levels left.
You didn't know any spells.
Your spell library was empty.

Dungeon Overview and Level Annotations

Branches:
Dungeon (5/15)
 Temple: D:4-7

Altars:
Ru
Trog


Innate Abilities, Weirdness & Mutations

You have very sharp teeth.
Your uncanny sense of smell can sniff out nearby items.
Your experience applies equally to all skills.


Message History

The wight hits you from afar with a +0 spear!
You feel drained.
The wight hits you with a +2 great sword of freezing.
You feel drained. The wight freezes you. The wight hits you with a +4 falchion.
You feel drained. The wight misses you. The wight barely misses you.
The wight closely misses you.
You slash the wight! You bite the wight, but do no damage.
The wight is severely damaged.
You hit the wight. You barely miss the wight.
The wight hits you with a +0 spear!
You feel drained.
The wight hits you with a +2 great sword of freezing.
You feel drained. The wight freezes you. The wight hits you but does no damage.
You barely miss the wight.
The wight is severely damaged.
You barely miss the wight. You slash the wight!
The wight hits you with a +0 spear.
The wight hits you with a +2 great sword of freezing!
You feel drained. The wight freezes you.
* * * LOW HITPOINT WARNING * * *
The wight closely misses you.
You slash the wight!
You destroy the wight!
Trog accepts your kill.
You hit the wight but do no damage. You closely miss the wight.
The wight hits you with a +4 falchion!
* * * LOW HITPOINT WARNING * * *
You feel drained.
* * * LOW HITPOINT WARNING * * *
The wight hits you with a +2 great sword of freezing.
* * * LOW HITPOINT WARNING * * *
The wight freezes you.
* * * LOW HITPOINT WARNING * * *
You barely miss the wight.
The wight is almost destroyed.
You slash the wight!
The wight hits you with a +2 great sword of freezing.
* * * LOW HITPOINT WARNING * * *
You feel drained. The wight freezes you.
You die...

##........†....#......
...###.##.........#
... #..##..<..#### #
... .....##.....# ..
... .............# ...
#. .##..#.....$..#
....
.#.##.......##....# #
#.............#
##.....@..>.##
#.....zz)....#
......#.........
.##..#.##........
#..## #........ ...
#........ .. ##.....##
......


You could see 2 wights.

Vanquished Creatures
  Blork the orc (D:4)
  A scorpion (D:3)
  2 wights (D:5)
  A bombardier beetle (D:5)
  A jelly (D:4)
  An iguana (D:4)
  Terence (D:3)
  A sleepcap (D:4)
  Robin (D:4)
  6 adders
  4 gnolls
  A dart slug (D:1)
  An orc (D:3)
  7 endoplasms
  4 giant cockroaches
  13 goblins
  10 hobgoblins
  2 kobolds
  4 quokkas
  A ball python (D:1)
  9 bats
  4 rats
76 creatures vanquished.

Notes
Turn   | Place    | Note
-------+----------+-------------------------------------------
     0 | D:1      | jejorda2 the Gnoll Berserker began the quest for the Orb.
     0 | D:1      | Reached XP level 1. HP: 23/23 MP: 1/1
   147 | D:1      | Reached XP level 2. HP: 25/29 MP: 2/2
   238 | D:1      | Reached XP level 3. HP: 32/35 MP: 3/3
   427 | D:1      | Reached skill level 1 in Invocations
   821 | D:2      | Reached skill level 1 in Short Blades
   821 | D:2      | Reached skill level 1 in Long Blades
   821 | D:2      | Reached skill level 1 in Axes
   821 | D:2      | Reached skill level 1 in Maces & Flails
   821 | D:2      | Reached skill level 1 in Staves
   821 | D:2      | Reached skill level 1 in Ranged Weapons
   821 | D:2      | Reached skill level 1 in Throwing
   821 | D:2      | Reached skill level 1 in Stealth
   821 | D:2      | Reached skill level 1 in Shields
   821 | D:2      | Reached skill level 1 in Unarmed Combat
   821 | D:2      | Reached skill level 1 in Spellcasting
   821 | D:2      | Reached skill level 1 in Evocations
  1169 | D:2      | Reached ** piety under Trog
  1931 | D:3      | Identified the +2 leather armour of Dawn {Fly Str+6 Int-5}
  1987 | D:3      | Reached skill level 1 in Shapeshifting
  1987 | D:3      | Reached XP level 4. HP: 41/41 MP: 5/5
  2038 | D:3      | Reached skill level 1 in Conjurations
  2038 | D:3      | Reached skill level 1 in Hexes
  2038 | D:3      | Reached skill level 1 in Summonings
  2038 | D:3      | Reached skill level 1 in Necromancy
  2038 | D:3      | Reached skill level 1 in Translocations
  2038 | D:3      | Reached skill level 1 in Fire Magic
  2038 | D:3      | Reached skill level 1 in Ice Magic
  2038 | D:3      | Reached skill level 1 in Air Magic
  2038 | D:3      | Reached skill level 1 in Earth Magic
  2038 | D:3      | Reached skill level 1 in Alchemy
  2160 | D:3      | Noticed Terence
  2175 | D:3      | Killed Terence
  2176 | D:3      | Reached XP level 5. HP: 42/47 MP: 5/7
  2312 | D:3      | Found a bloodstained altar of Trog.
  2850 | D:4      | Reached XP level 6. HP: 53/53 MP: 8/8
  3024 | D:4      | Reached skill level 5 in Armour
  3024 | D:4      | Reached skill level 5 in Dodging
  3297 | D:4      | Found a sacrificial altar of Ru.
  3297 | D:4      | Noticed Robin
  3297 | D:4      | Noticed Blork the orc
  3326 | D:4      | Killed Blork the orc
  3337 | D:4      | Killed Robin
  3545 | D:5      | Entered Level 5 of the Dungeon
  3564 | D:5      | Reached XP level 7. HP: 39/59 MP: 10/10
  3714 | D:5      | HP: 3/70 [wight/+2 great sword of freezing (1)]
  3715 | D:5      | HP: 1/75 [wight/+2 great sword of freezing (2)]
  3715 | D:5      | Slain by a wight

Illustrated notes

Levels and vault maps discovered:
D:1:      denvon_arrival_waterhouse, layout_basic, minmay_indecisive_spiral
D:2:      layout_basic, serial_bayou_pond_c, grunt_ministairs_11
D:3:      layout_loops_cross, bloody_trog, corexii_leaking_fountain,
          serial_bayou_pond_e, minmay_misc_feat_doors, uniq_terence
D:4:      layout_rooms, amcnicky_altar_gilded, hangedman_decor_opposing,
          chequers_serial_rivers_micro_a, uniq_robin, uniq_blork_the_orc
D:5:      wander_river, layout_cave_pools, minmay_temple_entry_mini_moons,
          serial_shops, shop, kennysheep_dice, uniq_ijyb, uniq_pikel

Skill      XL: |  1  2  3  4  5  6  7 |
---------------+----------------------+-----
Invocations    | 1 2 |  2.8
Short Blades   | 1 2 |  2.5
Long Blades    | 1 2 |  2.5
Axes           | 1 2 |  2.5
Maces & Flails | 1 2 |  2.5
Staves         | 1 2 |  2.5
Ranged Weapons | 1 2 |  2.5
Throwing       | 1 2 |  2.5
Stealth        | 1 2 |  2.5
Shields        | 1 2 |  2.5
Unarmed Combat | 1 2 |  2.5
Spellcasting   | 1 2 |  2.5
Evocations     | 1 2 |  2.5
Shapeshifting  | 1 2 |  2.2
Conjurations   | 1 2 |  2.0
Hexes          | 1 2 |  2.0
Summonings     | 1 2 |  2.0
Necromancy     | 1 2 |  2.0
Translocations | 1 2 |  2.0
Fire Magic     | 1 2 |  2.0
Ice Magic      | 1 2 |  2.0
Air Magic      | 1 2 |  2.0
Earth Magic    | 1 2 |  2.0
Alchemy        | 1 2 |  2.0
Armour         | 5 |  5.2
Dodging        | 5 |  5.2
Fighting       | 7 |  7.0
Polearms       | 7 |  7.0

Action                     |  1- 3 |  4- 6 |  7- 9 || total
---------------------------+-------+-------+-------++-------
  Melee: Spear             |   119 |   196 |       ||   315
         Bite              |     9 |    11 |     1 ||    21
         Battleaxe         |       |     5 |    11 ||    16
 Invoke: Berserk           |       |     2 |     1 ||     3
 Armour: Ring mail         |    38 |    12 |       ||    50
         Chain mail        |       |    80 |    15 ||    95
  Dodge: Dodged            |    42 |    48 |     9 ||    99

Table legend: (Time is in decaauts)
 A = Elapsed time spent in this place.
 B = Non-inter-level travel time spent in this place.
 C = Inter-level travel time spent in this place.
 D = Time resting spent in this place.
 E = Time spent auto-exploring this place.
 F = Levels seen in this place.
 G = Mean time per level.
                   A        B        C        D        E       F      G
               +--------+--------+--------+--------+--------+-----+--------+
         Total |   3668 |   3559 |    109 |     81 |   2943 |   5 |  733.6 |
       Dungeon |   3668 |   3559 |    109 |     81 |   2943 |   5 |  733.6 |
               +--------+--------+--------+--------+--------+-----+--------+

Top non-repeatable levels by time:
     D:2: 1088 daAuts
     D:3: 885 daAuts
     D:1: 795 daAuts
     D:4: 722 daAuts
     D:5: 175 daAuts
